APL (24 & UNDER)
BEAVERTON BRONZE SOULS @ KENOSHA KINGFISH
09/17/2030
 
TOP OF THE 1ST
Beaverton Bronze Souls batting - Pitching for Kenosha Kingfish : RHP Brian Lovelace
Pitching: RHP Brian Lovelace
Batting: LHB Manuel Félix 0-0: Ball
1-0: Called Strike
1-1: Ball
2-1: Ball
3-1: Called Strike
3-2: Foul Ball, location: 2F
3-2: Ground out 5-3 (Groundball, 5L)
Batting: LHB Phil Bishop 0-0: Called Strike
0-1: Called Strike
0-2: Ball
1-2: Ball
2-2: Ball
3-2: Foul Ball, location: 2F
3-2: Fly out, F6 (Line Drive, 6M)
Batting: RHB Luis Carranza 0-0: Ball
1-0: Ball
2-0: Called Strike
2-1: Ball
3-1: Base on Balls
Batting: RHB Dan Cross 0-0: Reached on error, E9 (Flyball, 9LM)
Luis Carranza to third
Batting: RHB Owen Parra 0-0: Ball
1-0: Called Strike
1-1: Ball
2-1: Foul Ball, location: 2F
2-2: Strikes out swinging
Top of the 1st over - 0 runs, 0 hits, 1 error, 2 left on base; Beaverton 0 - Kenosha 0
BOTTOM OF THE 1ST
Kenosha Kingfish batting - Pitching for Beaverton Bronze Souls : RHP Juan Martínez
Pitching: RHP Juan Martínez
Batting: LHB Pat Williams 0-0: Ground out 5-3 (Groundball, 56S)
Batting: RHB Warren Strathbogie 0-0: Foul Ball, location: 2F
0-1: Fly out, F3 (Popup, 34S)
Batting: LHB Juan Rodríguez 0-0: Called Strike
0-1: Ball
1-1: Foul Ball, location: 2F
1-2: Ball
2-2: Foul Ball, location: 2F
2-2: Ball
3-2: Base on Balls
Batting: LHB Jerry Benjamin 0-0: Called Strike
0-1: Swinging Strike
0-2: Strikes out swinging
Bottom of the 1st over - 0 runs, 0 hits, 0 errors, 1 left on base; Beaverton 0 - Kenosha 0
TOP OF THE 2ND
Beaverton Bronze Souls batting - Pitching for Kenosha Kingfish : RHP Brian Lovelace
Batting: RHB Nathan Smith 0-0: Ball
1-0: Foul Ball, location: 2F
1-1: SINGLE (Groundball, 6MD)
Batting: RHB Bert Larson 0-0: Called Strike
0-1: Ball
1-1: Ball
2-1: Called Strike
2-2: Strikes out swinging
Batting: RHB Ricardo López 0-0: Ball
1-0: SINGLE (Line Drive, 3)
Nathan Smith to second
Runner from 2nd tries for 3rd, SAFE, no throw
Batting: SHB Teko de Bruin 0-0: Ball
1-0: Called Strike
1-1: Fielders Choice at 2nd, 4-6 (Groundball, 4)
Nathan Smith scores
Batting: LHB Manuel Félix 0-0: Foul Ball, location: 2F
0-1: SINGLE (Line Drive, 56D)
Teko de Bruin to second
Runner from 2nd tries for 3rd, SAFE, throw made to third
Batting: LHB Phil Bishop 0-0: Called Strike
0-1: Foul Ball, location: 2F
0-2: Strikes out swinging
Top of the 2nd over - 1 run, 3 hits, 0 errors, 2 left on base; Beaverton 1 - Kenosha 0
BOTTOM OF THE 2ND
Kenosha Kingfish batting - Pitching for Beaverton Bronze Souls : RHP Juan Martínez
Batting: RHB Mike Martínez 0-0: Called Strike
0-1: Ball
1-1: Ball
2-1: Fly out, F3 (Popup, 34S)
Batting: RHB Vicente Rosales 0-0: Fly out, F8 (Flyball, 8LM)
Batting: RHB Juan Escalante 0-0: Ball
1-0: DOUBLE (Groundball, 5L)
Batting: RHB Fernando Martínez 0-0: Called Strike
0-1: Ball
1-1: Ball
2-1: Foul Ball, location: 2F
2-2: Reached on error, E3 (Groundball, 34S)
Juan Escalante scores
Batting: RHB Charlie Guzmén 0-0: Ball
1-0: Called Strike
1-1: Foul Ball, location: 2F
1-2: Strikes out swinging
Bottom of the 2nd over - 1 run, 1 hit, 1 error, 1 left on base; Beaverton 1 - Kenosha 1
TOP OF THE 3RD
Beaverton Bronze Souls batting - Pitching for Kenosha Kingfish : RHP Brian Lovelace
Batting: RHB Luis Carranza 0-0: Called Strike
0-1: Ball
1-1: SINGLE (Groundball, 4D)
Batting: RHB Dan Cross 0-0: Called Strike
0-1: DOUBLE (Flyball, 8LXD)
Luis Carranza to third
Batting: RHB Owen Parra 0-0: Ball
1-0: Called Strike
1-1: Called Strike
1-2: Fly out, F7 (Flyball, 78D)
Runner from 3rd tags up, OUT at HOME
Dan Cross to third
Batting: RHB Nathan Smith 0-0: Ball
1-0: Ball
2-0: Ball
3-0: Base on Balls
Batting: RHB Bert Larson 0-0: Ball
1-0: Foul Ball, location: 2F
1-1: Ball
2-1: Foul Ball, location: 2F
2-2: SINGLE (Line Drive, 6M)
Dan Cross scores
Nathan Smith to second
Nathan Smith to third
Batting: RHB Ricardo López 0-0: Ball
1-0: Fly out, F5 (Line Drive, 5)
Top of the 3rd over - 1 run, 3 hits, 0 errors, 2 left on base; Beaverton 2 - Kenosha 1
BOTTOM OF THE 3RD
Kenosha Kingfish batting - Pitching for Beaverton Bronze Souls : RHP Juan Martínez
Batting: LHB Pat Williams 0-0: Foul Ball, location: 2F
0-1: Swinging Strike
0-2: Strikes out swinging
Batting: RHB Warren Strathbogie 0-0: Fly out, F8 (Flyball, 8LD)
Batting: LHB Juan Rodríguez 0-0: Foul Ball, location: 2F
0-1: Foul Ball, location: 2F
0-2: Strikes out swinging
Bottom of the 3rd over - 0 runs, 0 hits, 0 errors, 0 left on base; Beaverton 2 - Kenosha 1
TOP OF THE 4TH
Beaverton Bronze Souls batting - Pitching for Kenosha Kingfish : RHP Brian Lovelace
Batting: SHB Teko de Bruin 0-0: Ball
1-0: Foul Ball, location: 2F
1-1: Foul Ball, location: 2F
1-2: Foul Ball, location: 2F
1-2: Foul Ball, location: 2F
1-2: Strikes out swinging
Batting: LHB Manuel Félix 0-0: Foul Ball, location: 2F
0-1: Foul Ball, location: 2F
0-2: Foul Ball, location: 2F
0-2: Ball
1-2: Ball
2-2: Fly out, F6 (Line Drive, 6)
Batting: LHB Phil Bishop 0-0: Ball
1-0: Ball
2-0: Ball
3-0: Called Strike
3-1: Foul Ball, location: 2F
3-2: Base on Balls
Batting: RHB Luis Carranza 0-0: Ball
1-0: Foul Ball, location: 2F
1-1: Fly out, F8 (Flyball, 8RM)
Top of the 4th over - 0 runs, 0 hits, 0 errors, 1 left on base; Beaverton 2 - Kenosha 1
BOTTOM OF THE 4TH
Kenosha Kingfish batting - Pitching for Beaverton Bronze Souls : RHP Juan Martínez
Batting: LHB Jerry Benjamin 0-0: Ball
1-0: Swinging Strike
1-1: Swinging Strike
1-2: Foul Ball, location: 2F
1-2: Ball
2-2: Foul Ball, location: 2F
2-2: Ball
3-2: Strikes out looking
Batting: RHB Mike Martínez 0-0: Ball
1-0: Called Strike
1-1: Ball
2-1: Swinging Strike
2-2: Foul Ball, location: 2F
2-2: Ball
3-2: Strikes out swinging
Batting: RHB Vicente Rosales 0-0: Ball
1-0: Ball
2-0: Ball
3-0: Base on Balls
Batting: RHB Juan Escalante 0-0: Fly out, F7 (Flyball, 7)
Bottom of the 4th over - 0 runs, 0 hits, 0 errors, 1 left on base; Beaverton 2 - Kenosha 1
TOP OF THE 5TH
Beaverton Bronze Souls batting - Pitching for Kenosha Kingfish : RHP Brian Lovelace
Batting: RHB Dan Cross 0-0: DOUBLE (Groundball, 5L)
Batting: RHB Owen Parra 0-0: Intentional Walk
Batting: RHB Nathan Smith 0-0: Ball
1-0: SINGLE (Groundball, 34S) (infield hit)
Dan Cross to third
Owen Parra to second
Batting: RHB Bert Larson 0-0: Ball
1-0: SINGLE (Line Drive, 78S)
Dan Cross scores
Owen Parra to third
Nathan Smith to second
Batting: RHB Ricardo López 0-0: Grounds into double play, 6-4-3 (Groundball, 6)
Owen Parra scores
Nathan Smith to third
Batting: SHB Teko de Bruin 0-0: Called Strike
0-1: Ground out 4-3 (Groundball, 4)
Top of the 5th over - 2 runs, 3 hits, 0 errors, 1 left on base; Beaverton 4 - Kenosha 1
BOTTOM OF THE 5TH
Kenosha Kingfish batting - Pitching for Beaverton Bronze Souls : RHP Juan Martínez
Batting: RHB Fernando Martínez 0-0: Ball
1-0: Ball
2-0: SINGLE (Groundball, 34D)
Batting: RHB Charlie Guzmén 0-0: Called Strike
0-1: Ball
1-1: Fly out, F8 (Flyball, 8LD)
Batting: LHB Pat Williams 0-0: Ground out 5-3 (Groundball, 5L)
Fernando Martínez to second
Batting: RHB Warren Strathbogie 0-0: Called Strike
0-1: Swinging Strike
0-2: Ball
1-2: Foul Ball, location: 2F
1-2: Ball
2-2: Strikes out swinging
Bottom of the 5th over - 0 runs, 1 hit, 0 errors, 1 left on base; Beaverton 4 - Kenosha 1
TOP OF THE 6TH
Beaverton Bronze Souls batting - Pitching for Kenosha Kingfish : RHP Brian Lovelace
Batting: LHB Manuel Félix 0-0: Called Strike
0-1: Ball
1-1: Foul Ball, location: 2F
1-2: Ball
2-2: SINGLE (Groundball, 6D)
Pitching: RHP Ed Weaver
Batting: LHB Phil Bishop 0-0: Ball
1-0: Called Strike
Manuel Félix steals 2nd base
1-1: Foul Ball, location: 2F
1-2: Ball
2-2: SINGLE (Line Drive, 78M)
Manuel Félix to third
Runner from 3rd tries for Home, SAFE, throw made home
Batting: RHB Luis Carranza 0-0: Called Strike
0-1: Ball
1-1: Foul Ball, location: 2F
1-2: Ball
2-2: Ball
3-2: Foul Ball, location: 2F
3-2: Fly out, F7 (Flyball, 7S)
Batting: RHB Dan Cross 0-0: Fly out, F7 (Flyball, 7LM)
Batting: RHB Owen Parra 0-0: Ball
1-0: Ball
2-0: SINGLE (Line Drive, 8RS)
Phil Bishop to second
Batting: RHB Nathan Smith 0-0: Ball
1-0: Ground out U3 (Groundball, 34)
Top of the 6th over - 1 run, 3 hits, 0 errors, 2 left on base; Beaverton 5 - Kenosha 1
BOTTOM OF THE 6TH
Kenosha Kingfish batting - Pitching for Beaverton Bronze Souls : RHP Juan Martínez
Batting: LHB Juan Rodríguez 0-0: Ball
1-0: Called Strike
1-1: Fly out, F2 (Popup, 23F)
Batting: LHB Jerry Benjamin 0-0: Fly out, F7 (Flyball, 78M)
Batting: RHB Mike Martínez 0-0: Called Strike
0-1: DOUBLE (Flyball, 89D)
Batting: RHB Vicente Rosales 0-0: Called Strike
0-1: Called Strike
0-2: Strikes out swinging
Bottom of the 6th over - 0 runs, 1 hit, 0 errors, 1 left on base; Beaverton 5 - Kenosha 1
TOP OF THE 7TH
Beaverton Bronze Souls batting - Pitching for Kenosha Kingfish : RHP Ed Weaver
Batting: RHB Bert Larson 0-0: Called Strike
0-1: Foul Ball, location: 2F
0-2: Ball
1-2: Ball
2-2: Strikes out swinging
Batting: RHB Ricardo López 0-0: Called Strike
0-1: Ball
1-1: Ground out 4-3 (Groundball, 4)
Batting: SHB Teko de Bruin 0-0: Called Strike
0-1: Foul Ball, location: 2F
0-2: Fly out, F9 (Line Drive, 9)
Top of the 7th over - 0 runs, 0 hits, 0 errors, 0 left on base; Beaverton 5 - Kenosha 1
BOTTOM OF THE 7TH
Kenosha Kingfish batting - Pitching for Beaverton Bronze Souls : RHP Juan Martínez
Batting: RHB Juan Escalante 0-0: Ball
1-0: Called Strike
1-1: Ball
2-1: Foul Ball, location: 2F
2-2: Foul Ball, location: 2F
2-2: Foul Ball, location: 2F
2-2: Ground out 4-3 (Groundball, 4)
Batting: RHB Fernando Martínez 0-0: Ball
1-0: Ball
2-0: Ball
3-0: Base on Balls
Batting: RHB Charlie Guzmén 0-0: Ball
1-0: Ball
2-0: Called Strike
2-1: Foul Ball, location: 2F
2-2: Ball
Passed Ball!
Fernando Martínez to second
3-2: Foul Ball, location: 2F
3-2: Base on Balls
Batting: LHB Pat Williams 0-0: Called Strike
0-1: Ball
1-1: Foul Ball, location: 2F
1-2: Ground out 4-3 (Groundball, 4S)
Fernando Martínez to third
Charlie Guzmén to second
Batting: RHB Warren Strathbogie 0-0: Ball
1-0: Called Strike
1-1: Called Strike
1-2: Ground out 4-3 (Groundball, 34)
Bottom of the 7th over - 0 runs, 0 hits, 0 errors, 2 left on base; Beaverton 5 - Kenosha 1
TOP OF THE 8TH
Beaverton Bronze Souls batting - Pitching for Kenosha Kingfish : RHP Ed Weaver
Batting: LHB Manuel Félix 0-0: Called Strike
0-1: Ball
1-1: Swinging Strike
1-2: Ball
2-2: Ball
3-2: Base on Balls
Batting: LHB Phil Bishop 0-0: Sac Bunt - play at first, batter OUT! 1-3
Manuel Félix to second
Batting: RHB Luis Carranza 0-0: Ground out 4-3 (Groundball, 4)
Manuel Félix to third
Batting: RHB Dan Cross 0-0: Ball
1-0: Foul Ball, location: 2F
1-1: Called Strike
1-2: Strikes out looking
Top of the 8th over - 0 runs, 0 hits, 0 errors, 1 left on base; Beaverton 5 - Kenosha 1
BOTTOM OF THE 8TH
Kenosha Kingfish batting - Pitching for Beaverton Bronze Souls : RHP Juan Martínez
Pitching: RHP Wilson Delgado
Batting: LHB Juan Rodríguez 0-0: DOUBLE (Groundball, 3L)
Batting: LHB Jerry Benjamin 0-0: Ball
1-0: Foul Ball, location: 2F
1-1: Swinging Strike
1-2: Ground out 4-3 (Groundball, 4)
Juan Rodríguez to third
Batting: RHB Mike Martínez 0-0: Ball
1-0: Called Strike
1-1: Ball
2-1: Fly out, F8 (Line Drive, 78M)
Runner from 3rd tags up, SCORES, no throw
Batting: RHB Vicente Rosales 0-0: Ball
1-0: Ball
2-0: Ball
3-0: Called Strike
3-1: Called Strike
3-2: Base on Balls
Batting: RHB Juan Escalante 0-0: Swinging Strike
0-1: Foul Ball, location: 2F
0-2: Foul Ball, location: 2F
0-2: Ball
1-2: Foul Ball, location: 2F
1-2: Ball
2-2: Strikes out swinging
Bottom of the 8th over - 1 run, 1 hit, 0 errors, 1 left on base; Beaverton 5 - Kenosha 2
TOP OF THE 9TH
Beaverton Bronze Souls batting - Pitching for Kenosha Kingfish : RHP Ed Weaver
Batting: RHB Owen Parra 0-0: Ball
1-0: Ball
2-0: SINGLE (Line Drive, 7LM)
Batting: RHB Nathan Smith 0-0: Bunt missed!
0-1: Sac Bunt - play at first, batter OUT! 1-4
Owen Parra to second
Batting: RHB Bert Larson 0-0: Called Strike
0-1: Foul Ball, location: 2F
0-2: Ball
1-2: Ball
2-2: Ball
3-2: Ground out 6-3 (Groundball, 6)
Batting: RHB Ricardo López 0-0: Ball
1-0: Ground out 4-3 (Groundball, 4M)
Top of the 9th over - 0 runs, 1 hit, 0 errors, 1 left on base; Beaverton 5 - Kenosha 2
BOTTOM OF THE 9TH
Kenosha Kingfish batting - Pitching for Beaverton Bronze Souls : RHP Wilson Delgado
Pitching: LHP Javier Barrera
Batting: RHB Fernando Martínez 0-0: Ground out 4-3 (Groundball, 4)
Batting: RHB Charlie Guzmén 0-0: Foul Ball, location: 2F
0-1: Ball
1-1: Swinging Strike
1-2: Ball
2-2: Strikes out swinging
Batting: LHB Pat Williams 0-0: Called Strike
0-1: Ball
1-1: Swinging Strike
1-2: Fly out, F8 (Flyball, 8RXD)
Bottom of the 9th over - 0 runs, 0 hits, 0 errors, 0 left on base; Beaverton 5 - Kenosha 2
Saturday, April 7th, 2018 - OOTP Baseball 18.8 Build 76